 Dungeon Crawl Stone Soup version 0.30-a0-930-gb9d0489357 (webtiles) character file.

Game seed: 7764158398220493463

22981 NinjaNoafa the Thaumaturge (level 12, -4/90 HPs)
             Began as a Green Draconian Conjurer on Mar 23, 2023.
             Was a High Priest of Vehumet.
             Slain by a death yak (13 damage)
             ... on level 2 of the Lair of Beasts.
             The game lasted 00:35:18 (11813 turns).

NinjaNoafa the Thaumaturge (DrCj)                  Turns: 11813, Time: 00:35:18

Health: -4/90      AC: 19    Str: 11    XL:     12   Next: 67%
Magic:  1/28       EV: 12    Int: 22    God:    Vehumet [*****.]
Gold:   527        SH:  7    Dex: 10    Spells: 19/35 levels left

rFire   + . .      SeeInvis +    M - +4 dagger "Suaqam" {freeze, Fragile rC++ rN+ Will+}
rCold   + + +      Faith    .    N - +2 buckler "Huqat" {SInv}
rNeg    + . .      Spirit   .    (body armour unavailable)
rPois   +          Reflect  .    H - +2 hat
rElec   .          Rampage  .    i - +2 cloak {Will+}
rCorr   .                        o - +2 pair of gloves
Will    ++...                    P - +2 pair of boots
Stlth   ++                       D - amulet of magic regeneration
HPRegen 0.35/turn                O - ring of protection from cold
MPRegen 0.61/turn                A - ring of protection from fire

@: no status effects
A: breathe noxious fumes, AC +8, unfitting armour, poison resistance,
cold-blooded
a: Breathe Noxious Fumes, Renounce Religion


You were on level 2 of the Lair of Beasts.
You worshipped Vehumet.
Vehumet was extremely pleased with you.
You visited 3 branches of the dungeon, and saw 16 of its levels.
You also visited: Sewer.

You collected 886 gold pieces.
You spent 359 gold pieces at shops.

Inventory:

Hand Weapons
 M - the +4 dagger "Suaqam" (weapon) {freeze, Fragile rC++ rN+ Will+}
   (You found it on level 9 of the Dungeon)

   rC:        It greatly protects you from cold.
   rN:        It protects you from negative energy.
   Fragile:   It will be destroyed if unequipped.
   Will:      It increases your willpower.
Missiles
 g - 2 boomerangs of dispersal
 h - 28 poisoned darts
 j - a throwing net
 F - 5 boomerangs
Armour
 i - a +2 cloak of willpower (worn)
 o - a +2 pair of gloves (worn)
 H - a +2 hat (worn)
 N - the +2 buckler "Huqat" (worn) {SInv}
   (You bought it in a shop on level 11 of the Dungeon)

   SInv:      It lets you see invisible.
 P - a +2 pair of boots (worn)
Jewellery
 A - a ring of protection from fire (right hand)
 D - an amulet of magic regeneration (around neck)
 O - a ring of protection from cold (left hand)
Wands
 n - a wand of iceblast (19)
 r - a wand of quicksilver (3)
 s - a wand of flame (19)
Scrolls
 b - 2 scrolls of fear
 c - 3 scrolls of blinking {unknown}
 e - 2 scrolls of magic mapping
 k - 7 scrolls of immolation
 l - 10 scrolls of teleportation
 p - a scroll of acquirement {unknown}
 q - 3 scrolls of enchant armour
 u - a scroll of vulnerability {unknown}
 w - a scroll of amnesia {unknown}
 y - 6 scrolls of fog
 z - 2 scrolls of silence {unknown}
Potions
 a - a potion of ambrosia {unknown}
 d - 6 potions of flight
 f - a potion of heal wounds
 m - 2 potions of lignification
 t - 2 potions of curing {unknown}
 v - 3 potions of attraction
 B - 2 potions of might
 C - a potion of resistance
 E - 3 potions of magic
 G - a potion of berserk rage {unknown}
 J - a potion of cancellation {unknown}
 K - 2 potions of brilliance {unknown}
 L - a potion of degeneration {unknown}
Miscellaneous
 I - a tin of tremorstones (2/2)


   Skills:
 + Level 3.6 Fighting
 + Level 3.6 Dodging
 - Level 1.7 Stealth
 - Level 6.0 Shields
 - Level 12.0 Spellcasting
 - Level 8.0 Conjurations
 - Level 6.0 Hexes
 - Level 8.0 Translocations
 - Level 6.0 Transmutations
 - Level 6.0 Earth Magic
 + Level 3.3 Evocations


You had 19 spell levels left.
You knew the following spells:

 Your Spells              Type           Power      Damage    Failure   Level
a - Magic Dart            Conj           100%       1d8       1%          1
b - Searing Ray           Conj           96%        2d7       1%          2
c - Iskenderun's Mystic   Conj/Tloc      48%        2d11      1%          4
d - Dazzling Flash        Conj/Hex       88%        N/A       1%          3
e - Passwall              Tmut/Erth      32%        N/A       1%          2
f - Fulminant Prism       Conj/Hex       22%        3d12      1%          4

Your spell library contained the following spells:

 Spells                   Type           Power      Damage    Failure   Level
 Olgreb's Toxic Radiance  Pois           13%        N/A       16%         4
 Ensorcelled Hibernation  Hex/Ice        52%        N/A       2%          2
 Frozen Ramparts          Ice            26%        1d4       5%          3
 Ozocubu's Armour         Ice            13%        N/A       19%         3
 Swiftness                Air            13%        N/A       19%         3
 Ice Form                 Ice/Tmut       26%        N/A       19%         4
 Summon Ice Beast         Ice/Summ       13%        N/A       52%         4
 Malign Gateway           Summ/Tloc      15%        N/A       100%        7
 Ozocubu's Refrigeration  Ice            6%         4d8       100%        7
 Summon Horrible Things   Summ           6%         N/A       100%        8


Dungeon Overview and Level Annotations

Branches:
Dungeon (12/15)            Temple (1/1) D:6            Lair (3/5) D:11
    Orc (0/2) D:11          Sewer (visited)
  Swamp: Lair:2-3    Shoals: Lair:2-3     Snake: Lair:2-3    Spider: Lair:2-3

Altars:
Ashenzari
Cheibriados
Dithmenos
Elyvilon
Fedhas
Gozag
Hepliaklqana
Kikubaaqudgha
Makhleb
Nemelex Xobeh
Okawaru
Qazlal
Ru
Sif Muna
Trog
Uskayaw
Vehumet
Wu Jian
Xom
Yredelemnul
Zin
The Shining One

Shops:
D:11 [(


Innate Abilities, Weirdness & Mutations

You can breathe blasts of noxious fumes.
Your lurid green scales are hard. (AC +8)
You cannot fit into any form of body armour.
Your system is resistant to poisons. (rPois)
You are cold-blooded and may be slowed by cold attacks.


Message History

Your fulminant prism explodes!
The blast of energy engulfs the death yak!
The death yak is heavily wounded.
The blast of energy engulfs the death yak but does no damage.
The death yak is moderately wounded.
The blast of energy engulfs the fungus!!
The fungus begins to die.
The fungus is lightly damaged.
The blast of energy engulfs the death yak!
The death yak is heavily wounded.
Casting: Fulminant Prism (mildly dangerous; 1% risk of failure)
Confirm with . or Enter, or press ? or * to list all spells.
Aiming: Fulminant Prism (mildly dangerous; 1% risk of failure)
Press: ? - help, Dir - move target
Okay, then.
The death yak attacks as you move away!
The death yak gores you but does no damage.
Casting: Fulminant Prism (mildly dangerous; 1% risk of failure)
Confirm with . or Enter, or press ? or * to list all spells.
Aiming: Fulminant Prism (mildly dangerous; 1% risk of failure)
Press: ? - help, Dir - move target You conjure a prism of explosive energy!
A fulminant prism comes into view.
The death yak gores you!
* * * LOW HITPOINT WARNING * * *
The death yak gores your fulminant prism!!
Your fulminant prism detonates feebly.
The death yak gores the plant!
The plant begins to die.
Casting: Fulminant Prism (mildly dangerous; 1% risk of failure)
Confirm with . or Enter, or press ? or * to list all spells.
Aiming: Fulminant Prism (mildly dangerous; 1% risk of failure)
Press: ? - help, Dir - move target You conjure a prism of explosive energy!
A fulminant prism comes into view.
The death yak gores you!
* * * LOW HITPOINT WARNING * * *
The death yak gores your fulminant prism!
Your fulminant prism detonates feebly.
The death yak attacks as you move away! The death yak gores you!
You die...

..##############.##..# #.....###.
#####..©.##.####.##.####..#......
##.##.....#..#P......##[.##......
#.###....#..Y.......####..#......
.#####.#Y##P##.Y.##.P# #.......(.
.#.# #.#Y#######.##### #.........
...# ##Y.# #PY## #...##...# ..##
##.## ##YY#### #...#.#..#
..######..# #@###.###..###...#
..##..##..# #.........###.#..#
.....Y...## #..##P...#..##...#
...##.#### ######..........##
.###### #####.###..########.# .#
#### #..........# ### .###..###
#...#.###### .##.....####..####
..............#


You could see 4 death yaks.

Vanquished Creatures
  A hydra (Lair:2)
  A centaur warrior (D:8)
  A two-headed ogre (D:11)
  2 death yaks (Lair:2)
  2 fire crabs (Lair:2)
  A manticore (D:11)
  A cyclops (D:11)
  6 cane toads
  An unseen horror (D:11)
  2 black mambas
  4 komodo dragons
  A kobold demonologist (D:11)
  3 trolls (D:10)
  A polar bear (Lair:2)
  2 hornets (D:8)
  Grinder (D:6)
  3 blink frogs (Lair:1)
  2 shadows
  A fire bat (Lair:2)
  3 wyverns
  Eustachio (D:4)
  A basilisk (Lair:1)
  20 yaks
  A wraith (D:11)
  4 steam dragons
  2 fire elementals (Lair:2)
  6 water moccasins
  A hell hound (Lair:2)
  An ice beast (D:7)
  4 orc warriors
  2 sky beasts
  3 ogres
  2 black bears
  5 centaurs
  5 phantoms
  3 kobold brigands (D:11)
  The ghost of TheSexyCheese the Firebug, an amateur DEFE (D:3)
  12 bullfrogs
  5 scorpions
  A gnoll sergeant (D:10)
  13 wights
  23 killer bees
  3 howler monkeys (D:7)
  3 jellies
  4 hounds
  4 orc priests
  2 gnoll boudas
  2 sleepcaps
  8 iguanas
  Ijyb (D:3)
  10 orc wizards
  5 hell rats (Lair:2)
  14 adders
  16 gnolls
  5 river rats (Sewer)
  A shadow imp (D:8)
  A white imp (D:5)
  2 ufetubi
  4 worms
  2 dart slugs
  35 orcs
  11 ball pythons
  10 bats
  7 endoplasms
  16 giant cockroaches
  6 goblins
  3 hobgoblins
  8 jackals
  5 quokkas
  5 frilled lizards (Sewer)
  8 kobolds
  6 rats
  A fulminant prism (D:11)
363 creatures vanquished.

Vanquished Creatures (others)
  2 bushes (Lair:2)
  45 fulminant prisms
  11 fungi
  32 plants
90 creatures vanquished.

Grand Total: 453 creatures vanquished

Notes
Turn   | Place    | Note
-------+----------+-------------------------------------------
     0 | D:1      | NinjaNoafa the Draconian Conjurer began the quest for the
                  | Orb.
     0 | D:1      | Reached XP level 1. HP: 14/14 MP: 3/3
   135 | D:1      | Reached XP level 2. HP: 15/20 MP: 5/5
   639 | D:1      | Learned a level 2 spell: Searing Ray
   652 | D:2      | Reached skill level 5 in Conjurations
   663 | D:2      | Reached XP level 3. HP: 20/26 MP: 1/6
  1084 | D:2      | HP: 1/26 [orc priest/divine providence (13)]
  1098 | D:2      | Reached skill level 3 in Spellcasting
  1098 | D:2      | Reached XP level 4. HP: 11/33 MP: 0/9
  1558 | D:3      | Found a glowing drain.
  1565 | D:3      | Reached skill level 4 in Spellcasting
  1571 | D:3      | Reached XP level 5. HP: 31/38 MP: 1/11
  1580 | Sewer    | Entered a sewer
  1942 | Sewer    | Reached skill level 1 in Translocations
  2383 | D:3      | Noticed Ijyb
  2396 | D:3      | Killed Ijyb
  2397 | D:3      | Reached XP level 6. HP: 25/43 MP: 1/13
  2420 | D:3      | Found a runed translucent door.
  2432 | D:3      | Noticed TheSexyCheese's ghost (amateur DEFE)
  2545 | D:3      | Reached skill level 5 in Spellcasting
  2744 | D:4      | Noticed Eustachio
  2776 | D:4      | Noticed an orc warrior
  2965 | D:3      | Killed an orc warrior
  2966 | D:3      | Your scales start taking on a lurid green colour.
  2966 | D:3      | Reached XP level 7. HP: 33/50 MP: 11/15
  2966 | D:3      | Gained mutation: Your system is resistant to poisons.
                  | (rPois) [Green Draconian growth]
  3024 | D:3      | Killed TheSexyCheese's ghost
  3061 | D:3      | Reached skill level 6 in Spellcasting
  3113 | D:4      | Killed Eustachio
  3339 | D:4      | Reached skill level 5 in Translocations
  3385 | D:4      | Reached XP level 8. HP: 57/57 MP: 12/18
  3525 | D:4      | Found an ornate altar of the Wu Jian Council.
  3526 | D:4      | Found an iron altar of Okawaru.
  3917 | D:5      | Entered Level 5 of the Dungeon
  4002 | D:5      | Reached skill level 7 in Spellcasting
  4077 | D:5      | Learned a level 4 spell: Iskenderun's Mystic Blast
  4699 | D:5      | Reached XP level 9. HP: 60/62 MP: 14/20
  4749 | D:5      | Reached skill level 8 in Spellcasting
  5012 | D:6      | Found a staircase to the Ecumenical Temple.
  5022 | Temple   | Entered the Ecumenical Temple
  5309 | Temple   | Became a worshipper of Vehumet
  5570 | D:6      | Learned a level 3 spell: Dazzling Flash
  5835 | D:6      | Noticed Grinder
  5860 | D:6      | Killed Grinder
  5861 | D:6      | Reached skill level 9 in Spellcasting
  6140 | D:7      | Reached * piety under Vehumet
  6140 | D:7      | Offered knowledge of Foxfire by Vehumet.
  6143 | D:7      | Reached skill level 10 in Spellcasting
  6322 | D:7      | Reached XP level 10. HP: 55/69 MP: 24/24
  6843 | D:7      | Offered knowledge of Freeze by Vehumet.
  6850 | D:7      | Reached ** piety under Vehumet
  7537 | D:8      | Reached skill level 11 in Spellcasting
  7754 | D:8      | Offered knowledge of Poisonous Vapours by Vehumet.
  7808 | D:8      | Noticed a centaur warrior
  7823 | D:8      | Killed a centaur warrior
  7824 | D:8      | Reached skill level 12 in Spellcasting
  7824 | D:8      | Reached skill level 1 in Transmutations
  7824 | D:8      | Reached skill level 1 in Earth Magic
  7827 | D:8      | Learned a level 2 spell: Passwall
  8020 | D:9      | Reached XP level 11. HP: 57/74 MP: 22/27
  8049 | D:9      | Reached *** piety under Vehumet
  8061 | D:9      | Learned a level 4 spell: Fulminant Prism
  8094 | D:9      | Identified the +4 dagger "Suaqam" {freeze, Fragile rC++ rN+
                  | Will+}
  8292 | D:9      | Reached skill level 1 in Hexes
  8447 | D:10     | Entered Level 10 of the Dungeon
  8498 | D:10     | HP: 3/74 [troll (2)]
  8499 | D:10     | Offered knowledge of Kindle Blastsparks by Vehumet.
  8821 | D:10     | Identified the +0 leather armour of Impatience {+Inv rF+
                  | Int+2}
  9216 | D:11     | Reached **** piety under Vehumet
  9277 | D:11     | Noticed a two-headed ogre
  9290 | D:11     | Killed a two-headed ogre
  9290 | D:11     | Offered knowledge of Fireball by Vehumet.
  9291 | D:11     | Reached skill level 5 in Earth Magic
  9300 | D:11     | Reached skill level 5 in Transmutations
  9372 | D:11     | Found Rasattoq's Armour Shop.
  9388 | D:11     | Found a staircase to the Orcish Mines.
  9391 | D:11     | Found Usaterae's Weapon Shop.
  9403 | D:11     | Bought the +2 buckler "Huqat" {SInv} for 359 gold pieces
  9561 | D:11     | Found a staircase to the Lair.
  9601 | D:11     | Noticed a sun demon
  9739 | D:11     | Reached skill level 1 in Shields
  9943 | D:12     | Noticed an orc knight
  9963 | Lair:1   | Entered Level 1 of the Lair of Beasts
  9991 | Lair:1   | Reached skill level 5 in Hexes
 10015 | Lair:1   | Reached XP level 12. HP: 81/81 MP: 20/28
 10191 | Lair:1   | Reached ***** piety under Vehumet
 10704 | Lair:2   | Offered knowledge of Olgreb's Toxic Radiance by Vehumet.
 10711 | Lair:2   | Reached skill level 5 in Shields
 10888 | Lair:2   | Found a transporter.
 10936 | Lair:2   | Reached skill level 1 in Fighting
 10956 | Lair:2   | Reached skill level 1 in Evocations
 11008 | Lair:2   | Noticed a death yak
 11009 | Lair:2   | Noticed a death yak
 11013 | Lair:2   | Noticed a death yak
 11065 | Lair:2   | Noticed a death yak
 11066 | Lair:2   | Noticed a death yak
 11134 | Lair:2   | Found a transporter.
 11392 | Lair:2   | Noticed a six-headed hydra
 11404 | Lair:2   | Killed a six-headed hydra
 11636 | Lair:2   | Identified the +0 cloak "Wiqisel" {rF+ Will- Int+3 Dex+4}
 11772 | Lair:2   | Noticed a death yak
 11786 | Lair:2   | Killed a death yak
 11786 | Lair:2   | Killed a death yak
 11813 | Lair:2   | Slain by a death yak

Illustrated notes

Levels and vault maps discovered:
D:1:      lightli_molten_gateway, layout_rooms
D:2:      layout_loops_ring, glass_columns_a, amcnicky_mini_pool_small
D:3:      minmay_roachtagon, layout_rooms, ebering_ghost_sewer_d,
          portal_sewer_entry_e, uniq_ijyb
D:4:      layout_layer_cave, gammafunk_temple_overflow_statue,
          chequers_mini_garden, nicolae_concentric_dashed_squares_mild,
          serial_bayou_crossing, uniq_eustachio
D:5:      cheibrodos_barr_body, layout_basic, water_maze_lemuel
D:6:      layout_gridville, minmay_temple_entry_ruins, uniq_grinder
D:7:      layout_layer_cave
D:8:      minmay_opposing_rooms, layout_cave_pools
D:9:      layout_cave_pools, minmay_stone_trees_small
D:10:     layout_roguey
D:11:     layout_irregular_city, lair_entry_dummy, orc_david_3
D:12:     layout_roguey [special_room_orc], nicolae_nh_vlads_tower
Temple:   mainiacjoe_temple_cubbyholes
Lair:1:   layout_regular_city, columned_hall_lemuel
Lair:2:   gammafunk_cloud_chamber, layout_loops_ring, serial_bayou_pond_c
Lair:3:   layout_gridlike, elwin_shoals_entry_rooms,
          minmay_snake_entry_six_corridors, minmay_holes,
          grunt_forest_large_clearing_hut

Skill      XL: |  1  2  3  4  5  6  7  8  9 10 11 12 |
---------------+-------------------------------------+-----
Conjurations   | 5 6 7 8 |  8.0
Spellcasting   | 3 4 5 6 7 10 12 | 12.0
Translocations | 1 3 5 6 7 8 |  8.0
Transmutations | 2 6 |  6.0
Earth Magic    | 2 6 |  6.0
Hexes          | 5 6 |  6.0
Shields        | 2 6 |  6.0
Dodging        | 3 |  3.6
Fighting       | 3 |  3.6
Evocations     | 3 |  3.3
Stealth        | |  1.7

Action                     |  1- 3 |  4- 6 |  7- 9 | 10-12 || total
---------------------------+-------+-------+-------+-------++-------
  Melee: Dagger            |    38 |    62 |    56 |    48 ||   204
         Tailslap          |     9 |     6 |     8 |     5 ||    28
         Punch             |     1 |       |     2 |       ||     3
         Unarmed           |     1 |       |       |       ||     1
         Short sword       |    19 |       |       |       ||    19
   Cast: Magic Dart        |    54 |    64 |    35 |     5 ||   158
         Searing Ray       |     8 |    23 |    53 |    51 ||   135
         Iskenderun's Myst |       |       |    17 |   119 ||   136
         Dazzling Flash    |       |       |     2 |     6 ||     8
         Passwall          |       |       |       |     6 ||     6
         Fulminant Prism   |       |       |       |    46 ||    46
Ability: Breathe Noxious F |       |       |    13 |    19 ||    32
    Use: Potion            |     2 |     1 |     2 |     3 ||     8
         Scroll            |       |     9 |     2 |     7 ||    18
   Stab: Confused          |       |       |     1 |       ||     1
 Armour: Skin              |    54 |    65 |    74 |   106 ||   299
  Dodge: Dodged            |   107 |    94 |   104 |   141 ||   446
  Block: Buckler           |       |       |       |    25 ||    25

Table legend: (Time is in decaauts)
 A = Elapsed time spent in this place.
 B = Non-inter-level travel time spent in this place.
 C = Inter-level travel time spent in this place.
 D = Time resting spent in this place.
 E = Time spent auto-exploring this place.
 F = Levels seen in this place.
 G = Mean time per level.
                   A        B        C        D        E       F      G
               +--------+--------+--------+--------+--------+-----+--------+
         Total |  12043 |  11213 |    830 |    521 |   7664 |  17 |  708.4 |
       Dungeon |   8861 |   8267 |    594 |    477 |   5551 |  12 |  738.4 |
        Temple |    445 |    348 |     97 |      0 |    342 |   1 |  445.0 |
          Lair |   1850 |   1711 |    139 |     44 |   1170 |   3 |  616.7 |
         Sewer |    885 |    885 |      0 |      0 |    600 |   1 |  885.0 |
               +--------+--------+--------+--------+--------+-----+--------+

Top non-repeatable levels by time:
     D:7: 1206 daAuts
  Lair:2: 1080 daAuts
     D:5: 1077 daAuts
     D:3: 938 daAuts
   Sewer: 885 daAuts
     D:4: 856 daAuts
    D:11: 837 daAuts
     D:2: 827 daAuts
  Lair:1: 764 daAuts
     D:6: 668 daAuts
     D:8: 659 daAuts
     D:9: 643 daAuts
     D:1: 632 daAuts
    D:10: 508 daAuts
  Temple: 445 daAuts
